 Dungeon Crawl Stone Soup version 0.31-a0-667-g39726597b9 (webtiles) character file.

Game seed: 6473463404633598727

338 GordonOverkill the Cutter (level 6, 0/40 HPs)
             Began as a Tengu Delver on Sept 4, 2023.
             Slain by a gnoll sergeant
             ... wielding a +0 spear
              (10 damage)
             ... on level 4 of the Dungeon.
             The game lasted 00:03:48 (598 turns).

GordonOverkill the Cutter (Tengu Delver)             Turns: 598, Time: 00:03:49

Health: 0/40       AC:  3    Str: 14    XL:     6   Next: 55%
Magic:  7/7        EV: 27    Int: 10    God:
Gold:   26         SH:  0    Dex: 16    Spells: 5/5 levels left

rFire   . . .        a - +0 short sword
rCold   . . .        (no shield)
rNeg    . . .        b - +0 leather armour
rPois   .            (helmet restricted)
rElec   .            (no cloak)
rCorr   .            (no gloves)
SInv    .            (boots unavailable)
Will    .....        (no amulet)
Stlth   ++           (no ring)
HPRegen 0.26/turn    (no ring)
MPRegen 0.10/turn

%: acrobat
@: acrobatic, very slow
A: beak, talons 3, acrobatic
a: no special abilities


You were on level 4 of the Dungeon.
You visited 1 branch of the dungeon, and saw 3 of its levels.

You collected 26 gold pieces.

Inventory:

Hand Weapons
 a - a +0 short sword (weapon)
 h - a +0 rapier
Armour
 b - a +0 leather armour (worn)
Wands
 e - a wand of flame (17)
 g - a wand of digging (2)
Scrolls
 c - a scroll of fog
 d - a scroll of revelation
 f - a scroll of identify {unknown}
 i - a scroll of torment {unknown}


   Skills:
 - Level 5.0 Fighting
 + Level 5.9 Short Blades
 - Level 2.1 Dodging
 - Level 5.0 Stealth


You had 5 spell levels left.
You didn't know any spells.
Your spell library contained the following spells:

 Spells                   Type           Power      Damage    Failure   Level
 Gell's Gravitas          Tloc           0%         N/A       82%         3
 Teleport Other           Tloc           0%         N/A       82%         3
 Summon Forest            Summ/Tloc      0%         N/A       100%        5
 Dispersal                Tloc           0%         N/A       100%        6
 Eringya's Noxious Bog    Tmut/Pois      0%         4d6       100%        6
 Summon Hydra             Summ           0%         N/A       100%        7


Dungeon Overview and Level Annotations

Branches:
Dungeon (6/15)
 Temple: D:4-7

Altars:


Innate Abilities, Weirdness & Mutations

You have a beak for a mouth.
You have claws for feet.
You can magically evade attacks while moving or waiting.


Message History

The gnoll sergeant shouts!
Sigmund is engulfed in a cloud of scalding steam.
Sigmund points at you and mumbles some strange words.
The magic dart hits you.
* * * LOW HITPOINT WARNING * * *
Aiming: Throw Flame
Press: ? - help, Shift-Dir - straight line, f/p - Sigmund
Aim: Sigmund, wielding a +0 scythe of protection and wearing a +0 robe (steam, almost dead, 64% to hit)
The puff of flame hits Sigmund.
Sigmund is almost dead.
Sigmund is engulfed in a cloud of scalding steam.
You kill Sigmund!
You hear a splash. x2
Training target 5.0 for Fighting reached!
Your Fighting skill increases to level 5!
You need to enable at least one skill for training.
You have reached level 6!
You enter the shallow water.
Moving in this stuff is going to be slow.
Items here: ))) [ †††.
The gnoll sergeant misses you.
You enter the shallow water.
Moving in this stuff is going to be slow.
The gnoll hits the plant with a +1 vampiric halberd!
The plant begins to die.
The gnoll sergeant attacks as it pursues you!
The gnoll sergeant hits you from afar with a +0 spear.
* * * LOW HITPOINT WARNING * * *
Things that are here:
a +0 flail; a gnoll corpse
Aiming: Throw Flame
Press: ? - help, Shift-Dir - straight line, f - gnoll sergeant
Aim: a gnoll sergeant, wielding a +0 spear, wearing a +0 scale mail and wearing a +0 kite shield (81% to hit)
The puff of flame misses the gnoll sergeant.
The puff of flame hits the gnoll!
The gnoll is heavily wounded.
The gnoll sergeant attacks as it pursues you!
The gnoll sergeant misses you.
The gnoll sergeant hits you from afar with a +0 spear!
You die...

...#......#...............#
...#......#...............#
...#......#.♣♣.P♣.........#
...#......#♣♣~.♣♣.........#
...#......'♣♣.~♣♣.........#
####......#.♣♣.~♣♣♣.......#
...#....♣♣♣♣♣P~♣♣♣♣♣♣.....#
...#....♣P~♣P.~~♣P♣g♣.....#
...#......~~~~~~@)g§.....##
...+....PP~♣P..~.P♣♣P#####
...#....♣♣♣♣♣♣.P♣♣♣♣♣#
...#......♣ ♣~~♣♣
...#......# ♣♣~♣
...#......# ~~P ...#......#
♣P.P ...'......# .....
...#......#


You could see a gnoll sergeant and a gnoll.

Vanquished Creatures
  Sigmund (D:4)
  A scorpion (D:5)
  A hound (D:5)
  A sleepcap (D:4)
  5 gnolls
  An adder (D:5)
  A hobgoblin (D:4)
11 creatures vanquished.

Notes
Turn   | Place    | Note
-------+----------+-------------------------------------------
     0 | D:5      | GordonOverkill the Tengu Delver began the quest for the
                  | Orb.
     0 | D:5      | Reached XP level 1. HP: 14/14 MP: 2/2
     6 | D:6      | Noticed a hound
     6 | D:6      | Noticed a sleepcap
    38 | D:5      | Reached XP level 2. HP: 7/19 MP: 3/3
    64 | D:5      | Noticed a scorpion
    66 | D:5      | Noticed a centaur
    66 | D:5      | Noticed a scorpion
    89 | D:5      | Reached XP level 3. HP: 7/23 MP: 4/4
   132 | D:5      | Killed a scorpion
   133 | D:5      | Reached skill level 5 in Short Blades
   133 | D:5      | Reached XP level 4. HP: 5/28 MP: 5/5
   407 | D:4      | Reached XP level 5. HP: 33/33 MP: 6/6
   557 | D:4      | Noticed Sigmund
   592 | D:4      | Killed Sigmund
   593 | D:4      | Reached skill level 5 in Fighting
   593 | D:4      | Reached XP level 6. HP: 13/40 MP: 7/7
   598 | D:4      | Slain by a gnoll sergeant

Illustrated notes

Levels and vault maps discovered:
D:4:      layout_gridville, serial_bayou, serial_bayou_pond_e,
          serial_bayou_ford_a, serial_bayou_shore_b, serial_bayou_crossing,
          serial_shops, nicolae_shop_hallway_plus, minmay_goblin_kobold_house,
          uniq_sigmund
D:5:      gammafunk_steamed_eel, layout_loops_ring, ebering_ghost_gozag,
          minmay_shop_damaged, nrook_mini_vaults
D:6:      layout_basic, minmay_temple_entry_waves, gammafunk_ghost_split,
          serial_shops, kennysheep_mini, minmay_mini_ossuary, uniq_duvessa

Skill      XL: |  1  2  3  4  5 |
---------------+----------------+-----
Short Blades   | 3 4 5 |  5.9
Fighting       | 5 |  5.0
Dodging        | |  2.1
Stealth        | |  5.0

Action                     |  1- 3 |  4- 6 || total
---------------------------+-------+-------++-------
  Melee: Short sword       |    20 |    14 ||    34
         Kick              |     9 |     7 ||    16
         Peck              |     2 |     5 ||     7
         Punch             |     1 |       ||     1
  Throw: Dart              |     4 |     8 ||    12
  Evoke: Wand              |     1 |    11 ||    12
    Use: Scroll            |     1 |       ||     1
         Potion            |     1 |       ||     1
 Armour: Leather armour    |    11 |    13 ||    24
  Dodge: Dodged            |    21 |    19 ||    40

Table legend: (Time is in decaauts)
 A = Elapsed time spent in this place.
 B = Non-inter-level travel time spent in this place.
 C = Inter-level travel time spent in this place.
 D = Time resting spent in this place.
 E = Time spent auto-exploring this place.
 F = Levels seen in this place.
 G = Mean time per level.
                   A        B        C        D        E       F      G
               +--------+--------+--------+--------+--------+-----+--------+
         Total |    590 |    590 |      0 |    146 |     85 |   3 |  196.7 |
       Dungeon |    590 |    590 |      0 |    146 |     85 |   3 |  196.7 |
               +--------+--------+--------+--------+--------+-----+--------+

Top non-repeatable levels by time:
     D:5: 332 daAuts
     D:4: 246 daAuts
     D:6: 11 daAuts
